 Dungeon Crawl Stone Soup version 0.23-a0-38-g6d804a8 (webtiles) character file.

27 Amnesiac the Gusty (level 2, -8/19 HPs)
             Began as a Mummy Air Elementalist on Aug 5, 2018.
             Mangled by a gnoll
             ... wielding a +0 spear
              (9 damage)
             ... on level 2 of the Dungeon.
             The game lasted 00:01:56 (682 turns).

Amnesiac the Gusty (Mummy Air Elementalist)          Turns: 682, Time: 00:01:57

Health: -8/19      AC:  2    Str: 11    XL:     2   Next: 93%
Magic:  1/6        EV: 12    Int: 14    God:
Gold:   19         SH:  0    Dex: 12    Spells: 6/7 levels left

rFire    x . .     SeeInvis .   (no weapon)
rCold    + . .     Gourm    .   (no shield)
rNeg     + + +     Faith    .   a - +0 robe
rPois    ∞         Spirit   .   (no helmet)
rElec    .         Reflect  .   (no cloak)
rCorr    .         Harm     .   (no gloves)
MR       .....                  (no boots)
Stlth    ++........             (no amulet)
HPRegen  0.06/turn              (no ring)
MPRegen  0.10/turn              (no ring)

@: no status effects
A: no food or potions, fire vulnerability, cold resistance 1, negative energy
resistance 3, torment resistance, unbreathing
a: no special abilities


You were on level 2 of the Dungeon.
You were not hungry.

You visited 1 branch of the dungeon, and saw 2 of its levels.

You collected 19 gold pieces.

Inventory:

Armour
 a - a +0 robe (worn)
Scrolls
 b - a scroll of fear {!r, unknown}
 c - a scroll of enchant weapon {!r, unknown}


   Skills:
 - Level 1.5 Dodging
 - Level 1.5 Stealth
 + Level 3.1 Spellcasting
 - Level 0.7 Conjurations
 * Level 3.2 Air Magic


You had 6 spell levels left.
You knew the following spells:

 Your Spells              Type           Power        Failure   Level  Hunger
a - Shock                 Conj/Air       #...         10%         1    N/A

Your spell library contained the following spells:

 Spells                   Type           Power        Failure   Level  Hunger
 Lightning Bolt           Conj/Air       #.........   95%         5    N/A
 Swiftness                Chrm/Air       #.......     17%         2    N/A
 Airstrike                Air            ##........   50%         4    N/A
 Static Discharge         Conj/Air       #.......     28%         3    N/A

Dungeon Overview and Level Annotations

Branches:
Dungeon (2/15)

Altars:
Cheibriados
Hepliaklqana
Okawaru
Qazlal
Trog
Xom
Yredelemnul
The Shining One


Innate Abilities, Weirdness & Mutations

You do not eat or drink.
Your flesh is vulnerable to fire.
You are immune to poison.
Your flesh is cold resistant. (rC+)
You are immune to negative energy. (rN+++)
You are immune to unholy pain and torment.
You can survive without breathing.


Message History

The gnoll hits you from afar with a spear.
Unknown command.
Casting: Shock (safe; 10% risk of failure)
Confirm with . or Enter, or press ? or * to list all spells.
Aiming: Shock (safe; 10% risk of failure)
Press: ? - help, Shift-Dir - straight line The zap hits the gnoll.
The gnoll is heavily wounded.
The zap hits the gnoll.
The gnoll appears unharmed.
The gnoll is heavily wounded.
The bat closely misses you. The gnoll barely misses you.
Unknown command.
The bat completely misses you. The bat misses you.
The gnoll hits you from afar with a spear.
The bat closely misses you. The bat misses you.
A kobold comes into view. It is wielding a short sword.
The bat hits you but does no damage. The bat misses you.
The bat closely misses you.
Casting: Shock (safe; 10% risk of failure)
Confirm with . or Enter, or press ? or * to list all spells.
Aiming: Shock (safe; 10% risk of failure)
Press: ? - help, Shift-Dir - straight line, f - bat
Aim: a bat
Okay, then.
The bat hits you but does no damage. The bat hits you but does no damage.
The bat hits you but does no damage. The bat completely misses you.
The bat misses you. The bat barely misses you.
Your magical contamination has completely faded away.
The bat hits you but does no damage. The bat closely misses you.
The bat closely misses you. The bat barely misses you.
The bat closely misses you. The bat closely misses you.
Casting: Shock (safe; 10% risk of failure)
Confirm with . or Enter, or press ? or * to list all spells.
Aiming: Shock (safe; 10% risk of failure)
Press: ? - help, Shift-Dir - straight line The zap hits the bat.
You kill the bat!
The zap hits the gnoll.
The gnoll appears unharmed.
The gnoll is heavily wounded.
The gnoll hits you but does no damage.
Unknown command.
A gnoll comes into view. It is wielding a spear.
Casting: Shock (safe; 10% risk of failure)
Confirm with . or Enter, or press ? or * to list all spells.
Aiming: Shock (safe; 10% risk of failure)
Press: ? - help, Shift-Dir - straight line The zap misses the gnoll.
The zap hits the gnoll.
The gnoll is severely wounded.
The gnoll barely misses you.
Unknown command.
The gnoll hits you with a spear.
* * * LOW HITPOINT WARNING * * *
The gnoll closely misses you.
The gnoll hits you from afar with a spear!
* * * LOW HITPOINT WARNING * * *
The gnoll hits you with a spear!
You die...

### ### #.#
#########.#####
#.###..............
#...g..............
#g@##..............
#.g##.g............
#....g.######..####
#.###..# #..# #.#
#..# #...# #..
..... #...# #.
##..### #.K.# ..
.... .. #..#.


You could see 3 gnolls.

Vanquished Creatures
  An adder (D:2)
  A leopard gecko (D:1)
  A giant cockroach (D:2)
  2 hobgoblins
  3 jackals (D:2)
  2 bats
  4 goblins (D:1)
  A kobold (D:1)
15 creatures vanquished.

Notes
Turn   | Place    | Note
-------+----------+-------------------------------------------
     0 | D:1      | Amnesiac the Mummy Air Elementalist began the quest for the Orb.
     0 | D:1      | Reached XP level 1. HP: 13/13 MP: 4/4
   204 | D:1      | Reached XP level 2. HP: 19/19 MP: 0/5
   314 | D:2      | Found a stormy altar of Qazlal.
   318 | D:2      | Found a shimmering altar of Xom.
   318 | D:2      | Found a glowing golden altar of the Shining One.
   318 | D:2      | Found an iron altar of Okawaru.
   318 | D:2      | Found a basalt altar of Yredelemnul.
   319 | D:2      | Found a snail-covered altar of Cheibriados.
   321 | D:2      | Found a bloodstained altar of Trog.
   323 | D:2      | Found a hazy altar of Hepliaklqana.
   682 | D:2      | Mangled by a gnoll

Vault maps used:
D:1:      minmay_arrival_nine_rooms, minivault_23
D:2:      minitemple

Skill      XL: |  1  2 |
---------------+-------+-----
Air Magic      | 3 |  3.2
Spellcasting   | 3 |  3.1
Dodging        | |  1.5
Stealth        | |  1.5
Conjurations   | |  0.7

Action                   || total
-------------------------++-------
Melee: Unarmed           ||     9
 Cast: Shock             ||    37
Armor: Robe              ||    15
Dodge: Dodged            ||    34

Table legend:
 A = Spawn XP
 B = Non-spawn XP
 C = Spawn XP percentage of total XP
 D = Spawn monster count
 E = Non-spawn monster count
 F = Spawn count percentage of total count
 G = Total turns spent on level
                    A         B        C        D         E        F      G
               +---------+---------+-------+---------+---------+-------+---------
         Total |       0 |      39 |   0.0 |       0 |      15 |   0.0 |   682
               +---------+---------+-------+---------+---------+-------+---------
           D:1 |       0 |      14 |   0.0 |       0 |       8 |   0.0 |   298
           D:2 |       0 |      25 |   0.0 |       0 |       7 |   0.0 |   384
               +---------+---------+-------+---------+---------+-------+---------
